 Dungeon Crawl Stone Soup version 0.32-a0-30-gefbe487952 (webtiles) character file.

Game seed: 9636805170998689808

3346 PaperRat the Toxicologist (level 9, -9/52 HPs)
             Began as a Deep Elf Alchemist on Jan 19, 2024.
             Was an Initiate of Gozag.
             Mangled by a sixfirhy (10 damage)
             ... summoned by an orc high priest
             ... in a bailey.
             The game lasted 01:02:11 (9096 turns).

PaperRat the Toxicologist (Deep Elf Alchemist)      Turns: 9096, Time: 01:02:11

Health: -9/52      AC:  4    Str:  5    XL:     9   Next: 72%
Magic:  10/21      EV: 17    Int: 23    God:    Gozag
Gold:   543        SH:  0    Dex: 23    Spells: 4/21 levels left

rFire   . . .        a - staff of conjuration
rCold   . . .        (no shield)
rNeg    + . .        n - +0 robe
rPois   .            (no helmet)
rElec   .            (no cloak)
rCorr   .            j - +1 pair of gloves
SInv    .            (no boots)
Will    .....        (no amulet)
Stlth   +++          o - ring of positive energy
HPRegen 0.28/turn    p - +6 ring of dexterity
MPRegen 0.17/turn

%: no passive effects
@: very slightly contaminated, invisible
A: no striking features
a: Renounce Religion, Potion Petition, Call Merchant, Bribe Branch


You were in a bailey.
You worshipped Gozag.
Gozag was pleased with you.
You visited 2 branches of the dungeon, and saw 8 of its levels.
You also visited: Bailey.

You collected 976 gold pieces.
You spent 384 gold pieces at shops.
You paid 49 gold pieces to Gozag.

Inventory:

Hand Weapons
 l - a +0 spear
 u - a +0 sling
 v - a +2 flail of holy wrath
 w - a +0 dagger
Missiles
 f - 25 poisoned darts (quivered)
 i - 2 atropa-tipped darts
 s - 32 stones
Armour
 j - a +1 pair of gloves (worn)
 n - a +0 robe (worn)
 r - a +0 ring mail of poison resistance
Magical Staves
 a - a staff of conjuration (weapon)
Jewellery
 d - a ring of resist corrosion
 o - a ring of positive energy (left hand)
 p - a +6 ring of dexterity (right hand)
 A - a ring of ice
Scrolls
 c - a scroll of poison {unknown}
 k - a scroll of immolation
 m - a scroll of torment
 t - a scroll of silence
 y - a scroll of amnesia
 E - a scroll of teleportation {unknown}
Potions
 b - a potion of magic
 e - a potion of might {@q3}
 g - a potion of mutation {@q7}
 h - 2 potions of resistance
 q - 5 potions of curing {@q1}
 z - a potion of enlightenment {unknown}
 B - a potion of heal wounds {@q2}


   Skills:
 + Level 4.5 Fighting
 + Level 6.8 Dodging
 - Level 5.0 Stealth
 + Level 6.9 Spellcasting
 - Level 2.0 Conjurations
 - Level 6.0 Fire Magic
 - Level 4.0 Air Magic
 - Level 8.0 Alchemy


You had 4 spell levels left.
You knew the following spells:

 Your Spells              Type           Power      Damage    Failure   Level
a - Sting                 Conj/Alch      100%       1d9       1%          1
b - Olgreb's Toxic Radia  Alch           44%        N/A       3%          4
d - Sticky Flame          Fire/Alch      40%        2d8       4%          4
f - Mephitic Cloud        Conj/Alch/Air  44%        N/A       3%          3
h - Swiftness             Air            26%        N/A       4%          3
s - Mercury Vapours       Alch/Air       70%        N/A       1%          2

Your spell library contained the following spells:

 Spells                   Type           Power      Damage    Failure   Level
 Necrotise                Necr           32%        1d5       8%          1
 Ensorcelled Hibernation  Hex/Ice        16%        N/A       12%         2
 Passwall                 Erth           8%         N/A       24%         3
 Vampiric Draining        Necr           8%         2d6       24%         3
 Martyr's Knell           Necr/Summ      8%         N/A       61%         4
 Curse of Agony           Necr           8%         N/A       91%         5


Dungeon Overview and Level Annotations

Branches:
Dungeon (7/15)             Temple (1/1) D:4          Bailey (1/1)

Altars:
Ashenzari
Dithmenos
Elyvilon
Fedhas
Gozag
Kikubaaqudgha
Makhleb
Okawaru
Qazlal
Sif Muna
Trog
Uskayaw
Wu Jian
Xom
Zin
The Shining One

Shops:
D:4 !   D:6 [

Annotations:
D:3 2 transporters, exclusions: phantom and 3 more exclusions, AceOff's ghost, weakling OpSh
D:6 3 runed translucent doors, DVX's ghost, novice TeSu; flestrin's ghost, novice SpHu


Message History

An orc comes into view. It is wielding a +0 war axe.
Your toxic aura wanes.
You start resting.
An orc high priest is nearby!
Throw: 26 darts (poison)
Press: ? - help, Q - select action, (/) - cycle Shift-Dir - straight line, f - orc high priest
Aim: an orc high priest, wielding a +0 war axe and wearing a +0 ring mail (moderately wounded, very poisoned, 60% to hit)
You throw a poisoned dart.
The poisoned dart closely misses the orc high priest.
You hear a splash.
The orc high priest utters an invocation to Beogh.
There is an open door here.
The sixfirhy hits you! The sixfirhy shocks you! The sixfirhy hits you!
The sixfirhy shocks you!
* * * LOW HITPOINT WARNING * * *
You feel much better.
Throw: 25 darts (poison)
Press: ? - help, Q - select action, (/) - cycle Shift-Dir - straight line, f - sixfirhy
Aim: a sixfirhy (summoned, 29% to hit)
Okay, then.
You fade into invisibility!
Casting: Olgreb's Toxic Radiance (dangerous; 3% risk of failure)
Confirm with . or Enter, or press ? or * to list all spells.
Okay, then.
Casting: Olgreb's Toxic Radiance (dangerous; 3% risk of failure)
Confirm with . or Enter, or press ? or * to list all spells.
You miscast Swiftness.
You are very lightly contaminated with residual magic.
Nothing appears to happen.
The sixfirhy hits you. The sixfirhy shocks you! The sixfirhy barely misses you.
The sixfirhy hits you but does no damage.
The sixfirhy hits you!
* * * LOW HITPOINT WARNING * * *
The sixfirhy shocks you!
* * * LOW HITPOINT WARNING * * *
The sixfirhy closely misses you. The sixfirhy hits you.
* * * LOW HITPOINT WARNING * * *
The sixfirhy shocks you!
You die...
Your body crumbles into a pile of gold.

#.....#######...).#
#)8#### ####8)#
#..# #..# #.8# #8.#
#..# #..# ##)# #)##
#..# #).# #.)# #).#
#.@# .(# #..# #.3##
.8# #..# #..#. ..#
#..# #+#'##'### o8#
##+# #....#...# ..#
#....#...# 4.#
###..######.######
+..3....o3......
####~~~~~(~~~~~#


You could see a sixfirhy (summoned, unable to see you).

Vanquished Creatures
  2 orc knights (Bailey)
  Sigmund (D:3)
  Edmund (D:6)
  4 orc warriors
  2 black bears (D:5)
  2 ogres (D:5)
  A kobold brigand (D:7)
  3 scorpions
  5 wights (D:7)
  4 killer bees
  An electric eel (Bailey)
  A howler monkey (D:5)
  3 bombardier beetles
  2 jellies
  3 orc priests
  2 hounds
  5 iguanas (D:5)
  3 sleepcaps
  3 gnolls (Bailey)
  6 adders
  A shadow imp (D:7)
  A white imp (D:6)
  2 dart slugs (D:2)
  3 ribbon worms
  15 orcs
  8 endoplasms
  5 giant cockroaches
  10 goblins
  7 hobgoblins
  4 jackals
  3 quokkas
  4 ball pythons
  2 bats (D:2)
  6 frilled lizards
  15 kobolds
  A rat (D:1)
141 creatures vanquished.

Notes
Turn   | Place    | Note
-------+----------+-------------------------------------------
     0 | D:1      | PaperRat the Deep Elf Alchemist began the quest for the
                  | Orb.
     0 | D:1      | Reached XP level 1. HP: 10/10 MP: 6/6
   744 | D:1      | Found a faded altar of an unknown god.
   905 | D:1      | Reached XP level 2. HP: 15/15 MP: 5/8
   932 | D:1      | Learned a level 2 spell: Mercury Vapours
  1533 | D:2      | Reached XP level 3. HP: 19/19 MP: 4/9
  1542 | D:1      | Learned a level 3 spell: Mephitic Cloud
  2217 | D:3      | Reached skill level 1 in Air Magic
  2279 | D:3      | Found a transporter.
  2282 | D:3      | Noticed AceOff's ghost (weakling OpSh)
  2321 | D:3      | Found a transporter.
  2626 | D:3      | Noticed a phantom
  2864 | D:3      | Found an opulent altar of Gozag.
  2873 | D:3      | Found a glowing silver altar of Zin.
  2890 | D:3      | Became a worshipper of Gozag Ym Sagoz the Greedy
  2903 | D:3      | Reached skill level 4 in Alchemy
  3030 | D:3      | Noticed Sigmund
  3043 | D:3      | Noticed a +0 hand axe
  3043 | D:3      | Noticed a +0 hand axe
  3063 | D:3      | Found a hide-covered altar of Uskayaw.
  3154 | D:2      | Reached skill level 1 in Fighting
  3154 | D:2      | Reached XP level 4. HP: 25/25 MP: 3/11
  3792 | D:4      | Learned a level 4 spell: Olgreb's Toxic Radiance
  3886 | D:4      | Found a bloodstained altar of Trog.
  3896 | D:4      | Found a staircase to the Ecumenical Temple.
  3947 | D:4      | Found Iqudan's Distillery.
  3964 | D:4      | Bought 2 potions of invisibility for 192 gold pieces
  4037 | Temple   | Entered the Ecumenical Temple
  4231 | D:4      | Found a broken altar of Ashenzari.
  4289 | D:5      | Entered Level 5 of the Dungeon
  4302 | D:5      | Reached XP level 5. HP: 15/30 MP: 4/12
  4488 | D:5      | Noticed an ogre
  4520 | D:5      | Killed an ogre
  4521 | D:5      | Noticed a black bear
  4600 | D:5      | Reached XP level 6. HP: 35/35 MP: 3/13
  4770 | D:5      | Reached skill level 5 in Alchemy
  5139 | D:4      | Bought a potion of heal wounds for 60 gold pieces
  5139 | D:4      | Bought a potion of degeneration for 12 gold pieces
  5278 | D:5      | Reached skill level 6 in Alchemy
  5278 | D:5      | Reached XP level 7. HP: 40/40 MP: 13/15
  5283 | D:5      | Learned a level 4 spell: Sticky Flame
  5311 | D:5      | Reached skill level 1 in Fire Magic
  5795 | D:5      | Reached skill level 7 in Alchemy
  5952 | D:5      | Found a burning altar of Makhleb.
  5952 | D:5      | Found a stormy altar of Qazlal.
  6254 | D:3      | Killed Sigmund
  6255 | D:3      | Reached XP level 8. HP: 44/44 MP: 2/16
  6499 | D:4      | Bought a potion of resistance for 120 gold pieces
  6539 | D:5      | Reached skill level 5 in Fire Magic
  6864 | D:6      | Found a shadowy altar of Dithmenos.
  7008 | D:6      | Found Nuyfios's Armour Emporium.
  7208 | D:6      | Noticed Edmund
  7250 | D:6      | Killed Edmund
  7251 | D:6      | Reached skill level 5 in Spellcasting
  7373 | D:6      | Found a runed translucent gate.
  7393 | D:6      | Found a runed translucent gate.
  7394 | D:6      | Found a runed translucent gate.
  7395 | D:6      | Noticed DVX's ghost (novice TeSu)
  7396 | D:6      | Noticed flestrin's ghost (novice SpHu)
  7595 | D:6      | Learned a level 3 spell: Swiftness
  8140 | D:7      | Found an ornate altar of the Wu Jian Council.
  8160 | D:7      | Found an iron altar of Okawaru.
  8419 | D:7      | Reached skill level 5 in Stealth
  8422 | D:7      | Reached skill level 5 in Dodging
  8438 | D:7      | Reached XP level 9. HP: 46/50 MP: 17/19
  8498 | D:7      | Found a flagged portal.
  8510 | Bailey   | Entered a bailey
  8690 | Bailey   | Noticed an orc knight
  8720 | Bailey   | Killed an orc knight
  8721 | Bailey   | Reached skill level 8 in Alchemy
  8905 | Bailey   | Noticed an orc knight
  8975 | Bailey   | Killed an orc knight
  9075 | Bailey   | Noticed an orc high priest
  9088 | Bailey   | Noticed a sixfirhy
  9096 | Bailey   | HP: 1/52 [sixfirhy[an orc high priest] (3)]
  9096 | Bailey   | Mangled by a sixfirhy

Illustrated notes

Levels and vault maps discovered:
D:1:      lemuel_arrival_room, layout_basic,
          shapermc_ecumenical_altar_notcrosses
D:2:      layout_rooms
D:3:      layout_loops_ring, pdpol_temple_overflow_zin_treasury_gozag_greed,
          dancing_weapons_uskayaw, gammafunk_ghost_arena, reono_crystal_passage,
          nicolae_underground_beach, uniq_sigmund
D:4:      layout_basic, nicolae_ashenzari_skybound,
          nicolae_overflow_hidden_temple, minmay_temple_entry_large_hall,
          serial_shops, shop, hangedman_decor_points
D:5:      minmay_recursive_quarters, layout_loops_ring,
          gammafunk_temple_overflow_wave
D:6:      layout_loops_ring, mainiacjoe_overflow_chevrons, serial_shops,
          nicolae_shop_pleasant_corner_grove, gammafunk_ghost_cemetery,
          kennysheep_donut, kennysheep_big_empty_room, uniq_edmund
D:7:      layout_loops_ring, lemuel_doored_altar, kennysheep_mini,
          mainiacjoe_overflow_catwalk, mainiacjoe_overflow_alcove_1,
          enter_bailey_2, kb_rosetta, uniq_pikel
Temple:   nicolae_temple_bog_church
Bailey:   bailey_axe_of_yendor_kennysheep, bailey

Skill      XL: |  1  2  3  4  5  6  7  8  9 |
---------------+----------------------------+-----
Stealth        | 3 4 5 |  5.0
Conjurations   | 2 |  2.0
Air Magic      | 1 2 4 |  4.0
Alchemy        | 4 6 7 8 |  8.0
Fighting       | 1 2 3 4 |  4.5
Dodging        | 3 4 5 6 |  6.8
Spellcasting   | 4 5 6 |  6.9
Fire Magic     | 4 5 6 |  6.0

Action                     |  1- 3 |  4- 6 |  7- 9 || total
---------------------------+-------+-------+-------++-------
  Melee: Dagger            |     2 |       |       ||     2
         Staff             |       |     1 |    29 ||    30
         Punch             |       |       |     1 ||     1
  Throw: Stone             |    14 |     3 |     1 ||    18
         Dart              |    26 |    20 |    29 ||    75
         Boomerang         |       |     1 |     3 ||     4
   Cast: Sting             |    74 |    41 |    72 ||   187
         Mercury Vapours   |     8 |     9 |    14 ||    31
         Mephitic Cloud    |       |     4 |    12 ||    16
         Olgreb's Toxic Ra |       |     5 |    21 ||    26
         Sticky Flame      |       |       |    13 ||    13
  Evoke: Wand              |     1 |       |       ||     1
    Use: Scroll            |     2 |     2 |     6 ||    10
         Potion            |       |     3 |     5 ||     8
   Stab: Sleeping          |     1 |       |       ||     1
 Armour: Robe              |    11 |     4 |    29 ||    44
  Dodge: Dodged            |     9 |     7 |    44 ||    60

Table legend: (Time is in decaauts)
 A = Elapsed time spent in this place.
 B = Non-inter-level travel time spent in this place.
 C = Inter-level travel time spent in this place.
 D = Time resting spent in this place.
 E = Time spent auto-exploring this place.
 F = Levels seen in this place.
 G = Mean time per level.
                   A        B        C        D        E       F      G
               +--------+--------+--------+--------+--------+-----+--------+
         Total |   9112 |   7952 |   1160 |   2549 |    913 |   9 | 1012.4 |
       Dungeon |   8523 |   7363 |   1160 |   2311 |    913 |   7 | 1217.6 |
        Temple |      1 |      1 |      0 |      0 |      0 |   1 |    1.0 |
        Bailey |    587 |    587 |      0 |    238 |      0 |   1 |  587.0 |
               +--------+--------+--------+--------+--------+-----+--------+

Top non-repeatable levels by time:
     D:5: 1948 daAuts
     D:6: 1457 daAuts
     D:3: 1380 daAuts
     D:4: 1296 daAuts
     D:1: 1148 daAuts
     D:2: 1089 daAuts
  Bailey: 587 daAuts
     D:7: 203 daAuts
  Temple: 1 daAuts
